AoeStats
← BattiLaFiacca

Fortress

510171860Analyzed
4v4 RM · 3d ago on Sep 29, 2026· 66m 55s· 8 players
Game mode
Random Map
Map size
Huge
Population
200
Speed
Normal
Resources
Standard
Victory
Conquest
Starting age
Dark Age
Ending age
Imperial Age
RankedLock teamsTeams togetherTeam positionsShared explorationLock speedFull tech treeHidden civsTurbo modeCheats
Victory
Defeat
🇫🇷 Malians · France
1007
+17
🇹🇷 Vietnamese · Türkiye
998
+17
🇭🇰 Franks · Hong Kong SAR China
972
+19
🇬🇧 Sicilians · United Kingdom
951
+19
🇮🇹 Jurchens · Italy
1064
-19
🇮🇹 Bohemians · Italy
1064
-19
🇨🇳 Chinese · China
1044
-19
🇮🇹 Italians · Italy
942
-15
Quila
8:16 Feudal Age
11:40 Double-Bit Axe
14:12 Castle Age
12:42 Fletching
12:55 Horse Collar
13:19 Gold Mining
15:00 Padded Archer Armor
14:49 Crossbowman
16:42 Bodkin Arrow
16:40 Loom
20:29 Thumb Ring
21:34 Wheelbarrow
24:08 Hand Cart
24:20 Ballistics
29:30 Imperial Age
28:07 Town Watch
27:58 Elite Skirmisher
28:57 Leather Archer Armor
28:43 Scale Mail Armor
30:32 Bracer
31:34 Chemistry
30:14 Imperial Skirmisher
33:10 Ring Archer Armor
34:01 Pikeman
34:43 Squires
34:58 Forging
35:38 Halberdier
38:34 Town Patrol
38:47 Bow Saw
38:42 Heavy Plow
38:35 Stone Mining
44:19 Chain Mail Armor
43:52 Treadmill Crane
48:00 Onager
54:56 Elite Battle Elephant
56:33 Husbandry
56:47 Bloodlines
57:31 Scale Barding Armor
59:44 Iron Casting
61:06 Chain Barding Armor
63:22 Two-Man Saw
62:39 Light Cavalry
Anne d'autriche
7:20 Feudal Age
5:53 Loom
7:48 Double-Bit Axe
7:48 Horse Collar
8:01 Gold Mining
9:08 Wheelbarrow
15:45 Castle Age
14:08 Man-at-Arms
14:34 Arson
16:28 Squires
17:00 Heavy Plow
18:07 Gold Shaft Mining
17:11 Long Swordsman
19:17 Scale Mail Armor
19:42 Forging
21:04 Chain Mail Armor
23:24 Iron Casting
29:34 Bow Saw
30:49 Hand Cart
30:51 Stone Mining
37:41 Imperial Age
37:35 Pikeman
38:58 Conscription
41:33 Elite Gbeto
43:55 Ballistics
43:46 Fortified Wall
44:13 Crop Rotation
49:11 Fletching
53:50 Tigui
55:06 Hoardings
58:00 Stone Shaft Mining
59:33 Bodkin Arrow
60:52 Town Watch
63:53 Town Patrol
63:55 Tigui
63:56 Farimba
kuro3bb
5:43 Feudal Age
7:02 Wheelbarrow
6:20 Double-Bit Axe
7:21 Horse Collar
14:34 Castle Age
15:18 Stone Mining
15:54 Bow Saw
16:39 Stone Shaft Mining
22:18 Forging
22:58 Squires
23:01 Pikeman
24:20 Hand Cart
25:16 Elite Skirmisher
28:41 Imperial Age
41:46 Man-at-Arms
42:57 Gold Mining
43:29 Man-at-Arms
44:50 Iron Casting
44:16 Scale Mail Armor
49:06 Imperial Age
48:23 Chain Mail Armor
47:58 Fletching
48:09 Padded Archer Armor
49:10 Elite Serjeant
50:14 Conscription
50:35 Hoardings
49:38 Capped Ram
50:55 Plate Mail Armor
51:26 Blast Furnace
50:22 Bodkin Arrow
50:42 Leather Archer Armor
49:49 Imperial Skirmisher
51:14 Gold Shaft Mining
51:32 Caravan
51:29 Long Swordsman
51:31 Halberdier
52:01 Siege Ram
56:38 Two-Handed Swordsman
63:02 Spies/Treason
2487664814
7:26 Loom
9:44 Feudal Age
10:24 Double-Bit Axe
15:37 Castle Age
14:01 Gold Mining
14:29 Scale Barding Armor
17:20 Wheelbarrow
18:07 Bow Saw
18:17 Hand Cart
21:39 Stone Mining
31:26 Imperial Age
29:42 Gold Shaft Mining
30:35 Forging
30:55 Fortified Wall
30:56 Masonry
31:26 Town Watch
31:50 Husbandry
31:16 Light Cavalry
32:20 Chain Barding Armor
32:39 Iron Casting
31:43 Cavalier
32:27 Chivalry
32:49 Conscription
33:47 Plate Barding Armor
33:02 Paladin
35:25 Blast Furnace
34:26 Scale Mail Armor
39:18 Fletching
40:34 Chemistry
39:54 Ballistics
Porfido
8:03 Feudal Age
12:08 Castle Age
10:08 Horse Collar
10:50 Double-Bit Axe
12:33 Loom
15:39 Bow Saw
18:09 Stone Mining
21:34 Wheelbarrow
25:36 Imperial Age
23:58 Hand Cart
24:35 Ballistics
24:12 Murder Holes
24:32 Fletching
24:43 Padded Archer Armor
24:55 Town Watch
25:03 Gold Mining
25:43 Thumb Ring
26:58 Conscription
26:38 Bodkin Arrow
26:59 Leather Archer Armor
28:08 Chemistry
30:11 Heavy Plow
30:50 Elite Genoese Crossbowman
32:07 Hoardings
38:09 Fortified Wall
39:52 Bracer
40:22 Ring Archer Armor
46:35 Two-Man Saw
BattiLaFiacca
7:20 Feudal Age
11:54 Castle Age
9:56 Double-Bit Axe
13:07 Horse Collar
26:25 Imperial Age
26:35 Wheelbarrow
25:49 Town Watch
27:16 Forging
27:07 Scale Mail Armor
26:57 Fletching
28:25 Chemistry
28:02 Heavy Scorpion
38:31 Hand Cart
38:29 Forging
38:20 Scale Mail Armor
39:17 Padded Archer Armor
39:48 Heavy Scorpion
40:52 Siege Engineers
41:11 Ballistics
44:34 Iron Casting
44:14 Chain Mail Armor
43:51 Fletching
46:40 Blast Furnace
45:58 Chain Mail Armor
48:05 Elite Skirmisher
49:16 Pikeman
49:58 Squires
50:30 Plate Mail Armor
50:43 Halberdier
57:19 Bow Saw
370885147
0:46 Loom
10:35 Feudal Age
11:34 Double-Bit Axe
11:38 Horse Collar
11:52 Gold Mining
14:32 Castle Age
14:54 Castle Age
14:09 Fletching
16:09 Bow Saw
16:02 Heavy Plow
16:40 Gold Shaft Mining
16:27 Stone Mining
19:57 Stone Shaft Mining
22:08 Ballistics
23:31 Fortified Wall
24:19 Bodkin Arrow
25:10 Padded Archer Armor
26:34 Wheelbarrow
27:46 Leather Archer Armor
27:49 Hand Cart
32:28 Husbandry
35:02 Imperial Age
32:20 Town Watch
32:45 Scale Barding Armor
33:03 Great Wall
33:28 Bloodlines
35:04 Cavalier
36:57 Conscription
36:55 Scale Mail Armor
37:15 Chain Barding Armor
36:33 Light Cavalry
37:18 Pikeman
37:59 Squires
37:44 Arson
38:40 Plate Barding Armor
38:20 Chain Mail Armor
38:29 Halberdier
40:09 Chain Mail Armor
40:04 Forging
39:57 Bracer
41:28 Masonry
42:19 Chemistry
41:40 Ballistics
42:32 Rocketry
43:37 Architecture
46:10 Chemistry
45:31 Ballistics
45:07 Murder Holes
51:47 Town Patrol
54:40 Plate Mail Armor
55:38 Two-Man Saw
angolobarbologna
7:33 Feudal Age
8:27 Loom
13:14 Castle Age
11:50 Double-Bit Axe
12:32 Horse Collar
19:14 Bow Saw
19:37 Town Watch
20:28 Wheelbarrow
25:17 Scale Barding Armor
26:04 Hand Cart
32:16 Town Patrol
35:46 Imperial Age
34:40 Chain Barding Armor
34:32 Forging
36:09 Bloodlines
35:59 Husbandry
36:06 Gold Mining
38:16 Iron Casting
38:16 Plate Barding Armor
38:24 Light Cavalry
41:06 Two-Man Saw
41:01 Conscription
42:39 Thunderclap Bombs
42:58 Ballistics
43:17 Capped Ram
44:18 Siege Ram
47:28 Chemistry
46:33 Siege Engineers
50:22 Elite Iron Pagoda
Connection lost

Rejoining the realm…

Still unreachable

The connection could not be restored.

Session expired

The server has moved on; the page needs a fresh start.